 Dungeon Crawl Stone Soup version 0.28.0-45-g0d030f2227 (webtiles) character file.

Game seed: 17483718173431022678

51740 zcamperz the Severer (level 14, -3/130 HPs)
             Began as a Minotaur Berserker on Apr 6, 2022.
             Was an Elder of Trog.
             Slain by a vault guard
             ... wielding a +0 war axe
              (10 damage)
             ... on level 13 of the Dungeon.
             The game lasted 00:29:36 (18648 turns).

zcamperz the Severer (Minotaur Berserker)          Turns: 18648, Time: 00:29:36

Health: -3/130     AC: 25    Str: 25    XL:     14   Next: 24%
Magic:  0/13       EV:  6    Int:  4    God:    Trog [****..]
Gold:   764        SH: 16    Dex: 12    Spells: 13/13 levels left

rFire   . . .      SeeInvis .   H - +0 broad axe
rCold   . . .      Faith    .   r - +0 tower shield
rNeg    + . .      Spirit   .   l - +2 plate armour
rPois   .          Reflect  .   (helmet restricted)
rElec   .          Harm     .   (no cloak)
rCorr   .          Rampage  .   k - +2 pair of gloves {infuse}
Will    +....                   o - +0 pair of boots
Stlth   ..........              j - amulet of regeneration
HPRegen 1.11/turn               c - +4 ring of protection
MPRegen 0.13/turn               n - ring of positive energy

@: mighty
A: horns 2, retaliatory headbutt, iridescent scales 1, deformed body
a: Renounce Religion, Berserk, Trog's Hand, Brothers in Arms


You were on level 13 of the Dungeon.
You worshipped Trog.
Trog was greatly pleased with you.
You visited 2 branches of the dungeon, and saw 18 of its levels.

You collected 881 gold pieces.
You spent 117 gold pieces at shops.

Inventory:

Hand Weapons
 a - a +0 battleaxe
 D - a +0 trident
 H - a +0 broad axe (weapon)
Missiles
 A - 5 atropa-tipped darts (quivered)
Armour
 k - a +2 pair of gloves of infusion (worn)
 l - a +2 plate armour (worn)
 o - a +0 pair of boots (worn)
 r - a +0 tower shield (worn)
Jewellery
 c - a +4 ring of protection (left hand)
 j - an amulet of regeneration (around neck)
 n - a ring of positive energy (right hand)
Wands
 d - a wand of flame (71)
 g - a wand of paralysis (19)
 i - a wand of digging (11)
 q - a wand of mindburst (13)
 t - a wand of acid (17)
 u - a wand of iceblast (4)
 x - a wand of polymorph (1)
 z - a wand of charming (6)
Scrolls
 b - 6 scrolls of teleportation
 f - 9 scrolls of identify
 m - 2 scrolls of fog
 w - a scroll of enchant weapon
 y - 2 scrolls of enchant armour
 B - a scroll of fear {unknown}
Potions
 e - 2 potions of curing
 h - 3 potions of might
 s - a potion of magic
 v - 2 potions of attraction
 C - 2 potions of berserk rage
 G - 2 potions of cancellation
Miscellaneous
 p - a lightning rod (4/4)


   Skills:
 + Level 13.9 Fighting
 + Level 18.2(18.5) Axes
 + Level 4.8(12.8) Polearms
 + Level 0.1 Throwing
 + Level 15.3 Armour
 + Level 4.1 Dodging
 + Level 1.2 Stealth
 + Level 11.0 Shields
 + Level 0.3 Evocations


You had 13 spell levels left.
You didn't know any spells.
Your spell library was empty.

Dungeon Overview and Level Annotations

Branches:
Dungeon (11/15)            Temple (0/1) D:4            Lair (6/6) D:8
  Swamp (0/4) Lair:2        Snake (0/4) Lair:4        Slime (0/5) Lair:5
 Vaults (0/5) D:13
    Orc: D:9-12

Altars:
Elyvilon
Fedhas
Gozag
Makhleb
Nemelex Xobeh
Okawaru
Ru
Sif Muna
Trog
Wu Jian
Yredelemnul
Zin

Shops:
D:8 *

Annotations:
Lair:1 3 runed translucent doors, silky's ghost, novice MiCK


Innate Abilities, Weirdness & Mutations

You have a pair of horns on your head.
You reflexively headbutt those who attack you in melee.
You are partially covered in iridescent scales. (AC +2)
Armour fits poorly on your strangely shaped body.


Message History

You headbutt the vault guard, but do no damage.
The vault guard is moderately wounded.
You block the vault guard's attack.
The vault guard hits you with a +0 war axe!
* * * LOW HITPOINT WARNING * * *
The vault guard blocks your attack.
Your headbutt misses the vault guard.
The vault guard is moderately wounded.
You block the vault guard's attack.
The vault guard hits you with a +0 war axe!
* * * LOW HITPOINT WARNING * * *
You feel very mighty all of a sudden. You block the vault guard's attack.
The vault guard hits you with a +0 war axe.
* * * LOW HITPOINT WARNING * * *
You slash the vault guard!
The vault guard is heavily wounded.
The vault guard hits you but does no damage.
The vault guard hits you with a +0 war axe!
* * * LOW HITPOINT WARNING * * *
The vault guard blocks your attack.
Your headbutt misses the vault guard.
The vault guard is heavily wounded.
You block the vault guard's attack.
The vault guard hits you with a +0 war axe.
* * * LOW HITPOINT WARNING * * *
Okay, then.
You feel better.
The vault guard hits you but does no damage.
The vault guard hits you with a +0 war axe.
* * * LOW HITPOINT WARNING * * *
You feel better.
The vault guard hits you with a +0 war axe!
* * * LOW HITPOINT WARNING * * *
You slice the vault guard!! The vault guard blocks your attack.
The vault guard is severely wounded.
You block the vault guard's attack. x2
You feel better.
The vault guard hits you from afar with a +0 halberd!
* * * LOW HITPOINT WARNING * * *
The vault guard hits you with a +0 war axe!
You die...

# ### ##.
#.##
###[..###..##
....∩.pp@...#
###...###)..#
##. #...# #.#
#..## #.#
#..## #.#
#...#
#.####...#
#........#
#.#.....##


You could see 2 vault guards.

Vanquished Creatures
  Snorg (D:10)
  6 vault guards (D:13)
  A boulder beetle (D:13)
  10 hydras
  Erolcha (D:9)
  4 death yaks (Lair:6)
  13 elephants
  Joseph (D:7)
  2 black mambas
  Maggie (D:7)
  17 cane toads
  4 rime drakes
  10 komodo dragons
  2 ice devils (Lair:1)
  A polar bear (Lair:5)
  A troll (D:13)
  4 tyrant leeches (Lair:6)
  5 dream sheep (Lair:6)
  11 blink frogs
  2 slime creatures (Lair:5)
  A meliai zombie (D:10)
  A wyvern (D:8)
  47 yaks
  A wraith (D:10)
  3 basilisks
  A steam dragon (D:8)
  14 vampire mosquitoes
  Menkaure (D:7)
  A naga (Lair:4)
  19 water moccasins
  An acid dragon (D:10)
  7 black bears
  An ice beast (D:6)
  4 orc warriors
  A sky beast (D:6)
  2 swamp drakes (D:10)
  A centaur (D:10)
  An ogre (D:4)
  A phantom (D:6)
  5 kobold brigands
  21 bullfrogs
  A gnoll sergeant (D:6)
  5 scorpions
  A wyvern skeleton (D:6)
  3 killer bees (D:10)
  5 wights (D:9)
  A howler monkey (D:10)
  An electric eel (Lair:6)
  A bullfrog zombie (D:7)
  4 jellies
  2 centaur skeletons
  7 orc priests
  A gnoll shaman (D:6)
  3 hounds
  A bullfrog skeleton (D:6)
  Terence (D:2)
  2 iguanas
  8 orc wizards
  4 killer bee zombies
  A hound skeleton (D:4)
  4 howler monkey zombies
  11 gnolls
  4 adders
  2 shadow imps (D:7)
  4 worms
  2 dart slugs
  35 orcs
  3 ball pythons
  4 bats
  8 endoplasms
  A giant cockroach (D:1)
  8 goblins
  8 hobgoblins
  3 jackals (D:2)
  29 kobolds
  2 quokkas
  5 frilled lizards
  2 rats
418 creatures vanquished.

Vanquished Creatures (collateral kills)
  2 hydras (Lair:2)
  A dream sheep (Lair:6)
  A basilisk (Lair:4)
  A swamp worm (Lair:2)
5 creatures vanquished.

Vanquished Creatures (others)
  An orc wizard (D:6)
  54 fungi
  91 plants
146 creatures vanquished.

Grand Total: 569 creatures vanquished

Notes
Turn   | Place    | Note
-------+----------+-------------------------------------------
     0 | D:1      | zcamperz the Minotaur Berserker began the quest for the
                  | Orb.
     0 | D:1      | Reached XP level 1. HP: 19/19 MP: 0/0
   349 | D:1      | Reached skill level 4 in Axes
   349 | D:1      | Reached XP level 2. HP: 27/27 MP: 1/1
   889 | D:2      | Reached XP level 3. HP: 30/33 MP: 2/2
   946 | D:2      | Reached XP level 4. HP: 32/41 MP: 3/3
  1132 | D:2      | Reached skill level 5 in Axes
  1147 | D:2      | Noticed Terence
  1159 | D:2      | Killed Terence
  1543 | D:2      | Reached ** piety under Trog
  1597 | D:2      | Noticed a shining eye
  1605 | D:2      | Noticed a golden eye
  1607 | D:2      | Found a faded altar of an unknown god.
  1609 | D:2      | Noticed a golden eye
  1609 | D:2      | Noticed a great orb of eyes
  1857 | D:2      | Reached XP level 5. HP: 39/47 MP: 0/4
  2463 | D:3      | Found an iron altar of Okawaru.
  2810 | D:4      | Noticed an ogre
  2818 | D:4      | Killed an ogre
  2819 | D:4      | Reached skill level 5 in Fighting
  2819 | D:4      | Reached skill level 6 in Axes
  2819 | D:4      | Reached XP level 6. HP: 55/56 MP: 1/5
  2895 | D:4      | Found a staircase to the Ecumenical Temple.
  3414 | D:4      | Reached *** piety under Trog
  3647 | D:4      | Reached skill level 7 in Axes
  3845 | D:4      | Gained mutation: Armour fits poorly on your strangely
                  | shaped body. [potion of mutation]
  3845 | D:4      | Gained mutation: You are partially covered in iridescent
                  | scales. (AC +2) [potion of mutation]
  3898 | D:5      | Entered Level 5 of the Dungeon
  3903 | D:5      | Noticed a water moccasin
  3914 | D:5      | Killed a water moccasin
  3915 | D:5      | Reached skill level 5 in Armour
  3915 | D:5      | Reached XP level 7. HP: 61/61 MP: 0/6
  4666 | D:6      | Reached skill level 8 in Axes
  4908 | D:6      | Reached XP level 8. HP: 69/69 MP: 5/7
  5038 | D:6      | Reached skill level 9 in Axes
  5049 | D:6      | Reached skill level 10 in Axes
  5347 | D:6      | Reached skill level 11 in Axes
  5635 | D:6      | Reached XP level 9. HP: 78/78 MP: 5/8
  5945 | D:7      | Noticed Maggie
  5956 | D:7      | Killed Maggie
  6019 | D:7      | Reached skill level 12 in Axes
  6104 | D:7      | Noticed Joseph
  6124 | D:7      | Killed Joseph
  6219 | D:7      | Reached **** piety under Trog
  6502 | D:7      | Noticed Menkaure
  6509 | D:7      | Killed Menkaure
  6705 | D:7      | Reached skill level 13 in Axes
  7092 | D:8      | Found a bloodstained altar of Trog.
  7092 | D:8      | Found a shimmering blue altar of Sif Muna.
  7107 | D:8      | Reached skill level 1 in Stealth
  7120 | D:8      | Reached XP level 10. HP: 88/88 MP: 0/9
  7205 | D:8      | Found a sacrificial altar of Ru.
  7361 | D:8      | Found Vorori's Assorted Antiques.
  7370 | D:8      | Bought a tower shield for 117 gold pieces
  7410 | D:8      | Reached skill level 14 in Axes
  7497 | D:8      | Found a staircase to the Lair.
  7939 | D:8      | Found an opulent altar of Gozag.
  7940 | D:8      | Found a sparkling altar of Nemelex Xobeh.
  8406 | D:9      | Noticed Erolcha
  8409 | D:9      | Killed Erolcha
  8410 | D:9      | Reached skill level 15 in Axes
  8410 | D:9      | Reached skill level 10 in Armour
  8831 | D:9      | Found an ornate altar of the Wu Jian Council.
  8835 | D:9      | Found a burning altar of Makhleb.
  8839 | D:9      | Found a white marble altar of Elyvilon.
  8923 | D:9      | Reached XP level 11. HP: 90/97 MP: 3/10
  9178 | D:10     | Entered Level 10 of the Dungeon
  9306 | D:10     | Reached ***** piety under Trog
  9416 | D:10     | Reached skill level 1 in Shields
  9701 | D:10     | Found a blossoming altar of Fedhas.
  9972 | D:10     | Noticed Snorg
  9987 | D:10     | Killed Snorg
  9988 | D:10     | Reached skill level 10 in Fighting
 10256 | D:10     | Noticed an angel
 10257 | D:10     | Found a glowing silver altar of Zin.
 10455 | D:11     | Noticed a four-headed hydra
 10569 | Lair:1   | Entered Level 1 of the Lair of Beasts
 10569 | Lair:1   | Noticed a ten-headed hydra
 10569 | Lair:1   | Noticed silky's ghost (novice MiCK)
 10569 | Lair:1   | Found a runed translucent gate.
 10569 | Lair:1   | Found a runed translucent gate.
 10569 | Lair:1   | Found a runed translucent gate.
 10570 | Lair:1   | Noticed a ten-headed hydra
 10763 | Lair:1   | Reached skill level 16 in Axes
 10860 | Lair:1   | Found a frozen archway.
 11077 | Lair:1   | Reached skill level 5 in Shields
 11840 | Lair:2   | Reached XP level 12. HP: 88/108 MP: 3/11
 11954 | Lair:2   | Identified the +4 robe "Xatoitum" {rElec rN+++ Dex-3
                  | Archmagi}
 11955 | Lair:2   | Noticed an eight-headed hydra
 12184 | Lair:3   | Found a basalt altar of Yredelemnul.
 12880 | Lair:3   | Noticed a five-headed hydra
 12887 | Lair:3   | Killed a five-headed hydra
 13199 | Lair:2   | Killed an eight-headed hydra
 13685 | Lair:2   | Reached skill level 1 in Polearms
 14129 | Lair:2   | Noticed a six-headed hydra
 14130 | Lair:2   | Noticed a four-headed hydra
 14130 | Lair:2   | Found a staircase to the Swamp.
 14134 | Lair:2   | Killed a six-headed hydra
 14136 | Lair:2   | Killed a four-headed hydra
 14649 | Lair:4   | Found a staircase to the Snake Pit.
 14745 | Lair:4   | Noticed a five-headed hydra
 14755 | Lair:4   | Killed a five-headed hydra
 15492 | Lair:5   | Found a staircase to the Slime Pits.
 15506 | Lair:5   | Reached XP level 13. HP: 119/119 MP: 5/12
 16117 | Lair:6   | Entered Level 6 of the Lair of Beasts
 16298 | Lair:6   | Reached skill level 17 in Axes
 17147 | Lair:6   | Reached skill level 15 in Armour
 17147 | Lair:6   | Reached skill level 10 in Shields
 17643 | Lair:6   | Found the amulet of the Air {Inacc Air Fly rElec RMsl}
 17787 | Lair:6   | Reached skill level 18 in Axes
 17787 | Lair:6   | Reached XP level 14. HP: 130/130 MP: 0/13
 18400 | D:11     | You fall into a shaft and drop 2 floors!
 18575 | D:13     | Found a gate to the Vaults.
 18642 | D:13     | HP: 6/130 [vault guard/+0 war axe (12)]
 18643 | D:13     | HP: 2/130 [vault guard/+0 war axe (5)]
 18648 | D:13     | Slain by a vault guard

Illustrated notes

Levels and vault maps discovered:
D:1:      dpeg_arrival_water_fire, layout_loops_ring
D:2:      cheibrodos_pilgrimage, layout_loops_corners,
          hellmonk_ecumenical_altar_watching_god, kennysheep_generic_room_6,
          uniq_terence
D:3:      layout_rooms, okawaru_gym_becter
D:4:      cheibrodos_thug_alley, layout_loops_cross,
          minmay_temple_entry_large_hall
D:5:      layout_basic
D:6:      minmay_recursive_quarters, layout_loops_ring
D:7:      layout_loops_corners, uniq_maggie, uniq_menkaure, uniq_joseph
D:8:      lemuel_ice_spiral_2, layout_basic, grunt_temple_overflow_opulence,
          grunt_temple_overflow_open, due_lair_maze_entry_diamond, serial_shops,
          nicolae_shop_stone
D:9:      layout_roguey, grunt_temple_overflow_diamond, uniq_erolcha
D:10:     layout_irregular_city, fedhas_ov_isle_minmay, zin_angel, st_stairs_2,
          minmay_stone_trees_medium, pond, uniq_snorg
D:11:     kennysheep_ambush_hall, layout_rooms, kennysheep_generic_room_2
D:13:     layout_rooms, erik_vaults_2, nicolae_looking_at_the_future
Lair:1:   layout_regular_city, gammafunk_ghost_hydra_chop,
          portal_ice_cave_demonic_guard
Lair:2:   layout_loops_ring, palyth_hydra_swamp_entry, serial_bayou_ford_a,
          serial_bayou_shore_b
Lair:3:   layout_cave_pods, basic_altar, nicolae_lair_lil_pond
Lair:4:   layout_roguey, guppyfry_snake_entry_garden, grunt_megastairs_3,
          serial_bayou_shore_b
Lair:5:   layout_gridlike, minmay_slime_entry_pillars
Lair:6:   minmay_lair_end_frog_pond, layout_cave_pods

Skill      XL: |  1  2  3  4  5  6  7  8  9 10 11 12 13 14 |
---------------+-------------------------------------------+-----
Axes           | 4 5 6 7 8 11 13 15 16 18 | 18.2
Fighting       | 4 5 6 8 9 10 12 13 | 13.9
Armour         | 3 4 5 6 7 8 10 12 14 15 | 15.3
Dodging        | 3 4 |  4.1
Stealth        | 1 |  1.2
Shields        | 5 7 10 11 | 11.0
Polearms       | 1 4 |  4.8
Throwing       | |  0.1
Evocations     | |  0.3

Action                   |  1- 3 |  4- 6 |  7- 9 | 10-12 | 13-15 || total
-------------------------+-------+-------+-------+-------+-------++-------
Melee: Hand axe          |    38 |    75 |       |   458 |       ||   571
       Headbutt          |     4 |    23 |    40 |   152 |    97 ||   316
       War axe           |       |    74 |    52 |       |       ||   126
       Punch             |       |     2 |     1 |       |       ||     3
       Battleaxe         |       |       |   161 |   120 |       ||   281
       Broad axe         |       |       |       |    37 |   318 ||   355
       Trident           |       |       |       |    20 |    64 ||    84
Throw: Dart              |       |       |       |     1 |       ||     1
Invok: Berserk           |     1 |     2 |     2 |    10 |     8 ||    23
       Trog's Hand       |       |     1 |     4 |     2 |     2 ||     9
       Brothers in Arms  |       |       |       |     2 |     1 ||     3
Evoke: Wand              |       |       |       |     6 |       ||     6
  Use: Potion            |       |     7 |       |     3 |    10 ||    20
       Scroll            |       |     5 |     5 |     9 |       ||    19
Armor: Animal skin       |     3 |       |       |       |       ||     3
       Chain mail        |    13 |    90 |    26 |       |       ||   129
       Plate armour      |       |       |   114 |   403 |   238 ||   755
Dodge: Dodged            |    20 |    69 |    84 |   168 |    81 ||   422
Block: Kite shield       |       |       |       |   176 |       ||   176
       Tower shield      |       |       |       |    62 |   375 ||   437
